 Dungeon Crawl Stone Soup version 0.29.1-15-g9cfb28693d (webtiles) character file.

Game seed: 4700292738977416392

11937 Smoke131 the Fighter (level 11, 0/117 HPs)
             Began as an Ogre Gladiator on Apr 18, 2023.
             Was an Elder of Okawaru.
             Succumbed to a killer bee's poison
             ... on level 9 of the Dungeon on Apr 19, 2023.
             The game lasted 00:43:43 (20241 turns).

Smoke131 the Fighter (Ogre Gladiator)              Turns: 20241, Time: 00:43:43

Health: 0/117      AC:  7    Str: 24    XL:     11   Next: 85%
Magic:  16/17      EV:  9    Int:  9    God:    Okawaru [****..]
Gold:   530        SH: 10    Dex: 10    Spells: 10/10 levels left

rFire   . . .      SeeInvis .   x - +4 trident (distort)
rCold   + . .      Faith    .   f - +2 kite shield of the Six Bounties {+Inv rElec rC+ rCorr}
rNeg    . . .      Spirit   .   q - +0 steam dragon scales
rPois   .          Reflect  .   c - +1 hat
rElec   +          Harm     .   (no cloak)
rCorr   +          Rampage  .   (gloves unavailable)
Will    +....                   (boots unavailable)
Stlth   +.........              (no amulet)
HPRegen 0.29/turn               (no ring)
MPRegen 0.15/turn               (no ring)

@: lethally poisoned (0 -> -3), hasted, very quick
A: large, unfitting armour, tough skin 1
a: Renounce Religion, Evoke Invisibility, Heroism, Finesse


You were on level 9 of the Dungeon.
You worshipped Okawaru.
Okawaru was greatly pleased with you.
You visited 2 branches of the dungeon, and saw 10 of its levels.
You also visited: Bailey.

You collected 530 gold pieces.

Inventory:

Hand Weapons
 x - a +4 trident of distortion (weapon)
Missiles
 e - 6 large rocks
 i - 5 curare-tipped darts
 j - 3 boomerangs
 v - a silver boomerang
 A - 11 poisoned darts (quivered)
Armour
 b - a +0 hat of stealth
 c - a +1 hat (worn)
 f - the +2 kite shield of the Six Bounties (worn) {+Inv rElec rC+ rCorr}
   (You acquired it on level 5 of the Dungeon)

   rC:        It protects you from cold.
   rElec:     It insulates you from electricity.
   +Inv:      It lets you turn invisible.
   rCorr:     It protects you from acid and corrosion.
 q - +0 steam dragon scales (worn)
Jewellery
 o - a ring of magical power
Wands
 y - a wand of mindburst (7)
Scrolls
 n - a scroll of vulnerability
 r - a scroll of identify
Potions
 g - a potion of haste
 h - 5 potions of lignification
 k - a potion of attraction
 l - a potion of magic
 p - 5 potions of flight
 t - 4 potions of cancellation
 w - 3 potions of mutation


   Skills:
 - Level 10.0 Fighting
 - Level 10.0 Polearms
 - Level 10.0 Throwing
 + Level 4.3 Armour
 - Level 3.0 Dodging
 + Level 4.9 Shields
 * Level 8.0 Invocations


You had 10 spell levels left.
You didn't know any spells.
Your spell library contained the following spells:

 Spells                   Type           Power      Damage    Failure   Level
 Necrotise                Necr           0%         1d4       65%         1
 Sandblast                Erth           0%         2d4       65%         1
 Sublimation of Blood     Necr           0%         N/A       80%         2
 Wereblood                Tmut           0%         N/A       80%         2
 Dazzling Flash           Conj/Hex       0%         N/A       95%         3
 Ignite Poison            Fire/Tmut/Pois 0%         N/A       95%         3
 Mephitic Cloud           Conj/Pois/Air  0%         N/A       95%         3
 Vampiric Draining        Necr           0%         2d6       95%         3
 Iskenderun's Mystic Bla  Conj/Tloc      0%         2d3       100%        4
 Olgreb's Toxic Radiance  Pois           0%         N/A       100%        4
 Agony                    Necr           0%         N/A       100%        5
 Freezing Cloud           Conj/Ice/Air   0%         6-21      100%        5
 Starburst                Conj/Fire      0%         6d3       100%        6
 Lehudib's Crystal Spear  Conj/Erth      0%         10d2      100%        8
 Summon Hydra             Summ           Unusable   N/A       N/A         7

Dungeon Overview and Level Annotations

Branches:
Dungeon (9/15)             Temple (1/1) D:6             Orc (0/2) D:9
 Bailey (visited)
   Lair: D:8-11

Altars:
Ashenzari
Cheibriados
Elyvilon
Fedhas
Hepliaklqana
Kikubaaqudgha
Makhleb
Okawaru
Ru
Uskayaw
Xom

Annotations:
D:3 3 runed translucent doors, GasterBasher's ghost, amateur HuBe; QwertyIsDirtey404's ghost, amateur DrBe; tizbic2's ghost, weakling DgEE
D:9 Maurice


Innate Abilities, Weirdness & Mutations

You are too large for most types of armour.
You have tough skin. (AC +1)


Message History

You feel sick.
The killer bee buzzes angrily.
You block the killer bee's attack. The orc barely misses you. x2
You closely miss the killer bee.
The killer bee is heavily wounded.
You feel sick. Something hits you but does no damage.
The killer bee barely misses you.
You miss the killer bee.
The killer bee is heavily wounded.
You feel sick.
The orc hits you from afar with a +0 trident.
* * * LOW HITPOINT WARNING * * *
The orc misses you. The orc hits you with a +0 flail.
* * * LOW HITPOINT WARNING * * *
You block the killer bee's attack.
You feel like a meek peon again.
You feel sick.
You hear a zap.
An iceblast appears from out of thin air!
The mass of ice explodes!
The iceblast engulfs you. You partially resist.
* * * LOW HITPOINT WARNING * * *
You hear two shouts!
The killer bee attacks as you move away!
The killer bee stings you but does no damage.
The killer bee attacks as you move away!
You block the killer bee's attack.
* * * LOW HITPOINT WARNING * * *
You feel sick.
The orc priest looks encouraged for a moment.
Something hits you.
* * * LOW HITPOINT WARNING * * *
Something steals your +4 trident!
* * * LOW HITPOINT WARNING * * *
You feel sick.
The killer bee stings you but does no damage.
The orc priest calls upon Beogh to heal the orc.
The orc's wounds heal themselves!
The killer bee attacks as you move away!
You block the killer bee's attack.
You die...

...##.........# ....~...# ...
#.........# #...~...# ...
#.........#### #.......#
..........##.....########.......#
..........##..........(.........#
..........##........o.§.........
...................oy§§....#####
.............#.{y§.o........#
...####.....@.y.o####.......#
....~....####.....y####.........#
....~~.....####..####............
....~~.#... #####..........o~..
....~~.... #####......##.~~~..
........K ###..####....(...≈...
.....~.K ###......####.....~~≈..
.......####..........####...~~≈..
.................#...........~...


You could see 4 killer bees, an orc priest and 3 orcs.

Vanquished Creatures
  Gastronok (D:8)
  Erolcha (D:9)
  Pikel (D:5)
  Joseph (D:8)
  4 kobold demonologists (D:9)
  Maggie (D:6)
  A troll (D:8)
  A wraith (D:9)
  3 yaks (D:8)
  A wyvern (D:9)
  2 steam dragons (D:9)
  5 orc warriors
  A water moccasin (D:9)
  4 ice beasts
  5 black bears
  A sky beast (D:8)
  4 ogres
  4 wolves (Bailey)
  2 centaurs
  2 lemures (D:5)
  A phantom (D:4)
  2 kobold brigands (D:9)
  4 bullfrogs
  8 gnoll sergeants
  2 necrophages
  2 scorpions (D:8)
  15 wights
  10 killer bees
  A howler monkey (D:8)
  6 hounds
  6 jellies
  8 gnoll boudas
  7 orc priests
  7 iguanas
  8 orc wizards
  A hound skeleton (D:6)
  33 gnolls
  6 adders
  A white imp (D:8)
  An ufetubus (D:6)
  A worm (D:1)
  3 dart slugs
  42 orcs
  5 bats
  11 endoplasms
  2 giant cockroaches
  7 hobgoblins
  4 jackals
  6 quokkas
  10 ball pythons
  4 frilled lizards
  9 goblins
  14 kobolds
  A rat (D:3)
  A spectral hobgoblin (D:7)
294 creatures vanquished.

Vanquished Creatures (others)
  An orc wizard (D:5)
1 creature vanquished.

Grand Total: 295 creatures vanquished

Notes
Turn   | Place    | Note
-------+----------+-------------------------------------------
     0 | D:1      | Smoke131 the Ogre Gladiator began the quest for the Orb.
     0 | D:1      | Reached XP level 1. HP: 22/22 MP: 1/1
   451 | D:1      | Reached XP level 2. HP: 29/29 MP: 2/2
   453 | D:1      | Found a faded altar of an unknown god.
  1110 | D:2      | Reached XP level 3. HP: 34/37 MP: 3/3
  1935 | D:2      | Reached XP level 4. HP: 30/48 MP: 4/4
  2176 | D:2      | Identified the +9 dagger of Daxepuc {antimagic, rF+ rC-
                  | Int+2}
  2215 | D:3      | Noticed a black bear
  3513 | D:3      | Reached XP level 5. HP: 49/54 MP: 5/5
  4109 | D:3      | Found a runed translucent gate.
  4109 | D:3      | Found a runed translucent gate.
  4113 | D:3      | Killed a black bear
  4114 | D:3      | Found a runed translucent gate.
  4115 | D:3      | Noticed QwertyIsDirtey404's ghost (amateur DrBe)
  4115 | D:3      | Noticed tizbic2's ghost (weakling DgEE)
  4115 | D:3      | Noticed GasterBasher's ghost (amateur HuBe)
  4796 | D:4      | Noticed a phantom
  4811 | D:4      | Killed a phantom
  4812 | D:4      | Reached skill level 5 in Fighting
  4812 | D:4      | Reached XP level 6. HP: 34/66 MP: 6/6
  5239 | D:4      | Noticed a black bear
  5246 | D:4      | Killed a black bear
  5247 | D:4      | Reached XP level 7. HP: 56/74 MP: 7/7
  5390 | D:3      | Reached skill level 5 in Polearms
  6428 | D:5      | Entered Level 5 of the Dungeon
  6535 | D:5      | Reached skill level 5 in Throwing
  6552 | D:5      | Reached XP level 8. HP: 43/87 MP: 8/8
  7516 | D:5      | Found a snail-covered altar of Cheibriados.
  7549 | D:5      | Noticed Pikel
  7571 | D:5      | Killed Pikel
  7572 | D:5      | Reached XP level 9. HP: 49/97 MP: 9/9
  8217 | D:5      | You fall into a shaft and drop 3 floors!
  9941 | D:8      | Reached skill level 10 in Fighting
 10224 | D:8      | Noticed Gastronok
 10605 | D:8      | Noticed a troll
 10652 | D:8      | Killed a troll
 10653 | D:8      | Reached XP level 10. HP: 54/110 MP: 10/10
 13307 | D:5      | Found an ancient bone altar of Kikubaaqudgha.
 14190 | D:5      | Identified a scroll of acquirement
 14190 | D:5      | Acquired the +2 kite shield of the Six Bounties {+Inv rElec
                  | rC+ rCorr}
 14371 | D:6      | Noticed Maggie
 14383 | D:6      | HP: 1/105 [Maggie/bolt of fire (28)]
 14385 | D:6      | Killed Maggie
 14803 | D:6      | Found a staircase to the Ecumenical Temple.
 14851 | Temple   | Entered the Ecumenical Temple
 14875 | Temple   | Became a worshipper of Warmaster Okawaru
 14906 | D:6      | Reached skill level 1 in Shields
 14921 | D:6      | Reached skill level 10 in Polearms
 15108 | D:6      | Found a burning altar of Makhleb.
 15485 | D:7      | Found a hazy altar of Hepliaklqana.
 15490 | D:7      | Reached skill level 1 in Invocations
 16273 | D:8      | Reached skill level 1 in Armour
 16848 | D:8      | Killed Gastronok
 16848 | D:8      | Reached * piety under Okawaru
 16848 | D:8      | Reached ** piety under Okawaru
 16849 | D:8      | Reached skill level 10 in Throwing
 16849 | D:8      | Reached XP level 11. HP: 92/117 MP: 11/14
 17055 | D:8      | Noticed Joseph
 17072 | D:8      | Killed Joseph
 17073 | D:8      | Reached skill level 5 in Invocations
 17415 | D:9      | Found a staircase to the Orcish Mines.
 17787 | D:9      | Noticed a soul eater
 17970 | D:9      | Found a flagged portal.
 17986 | Bailey   | Entered a bailey
 17989 | Bailey   | Reached *** piety under Okawaru
 19547 | Bailey   | Got the Vellum of Gritty Putrescence
 19636 | D:9      | Noticed Erolcha
 19952 | D:9      | Reached **** piety under Okawaru
 20041 | D:9      | Killed Erolcha
 20193 | D:9      | Noticed Maurice
 20239 | D:9      | HP: 5/117 [poisoned by a killer bee]
 20239 | D:9      | HP: 2/117 [something (3)]
 20241 | D:9      | Succumbed to a killer bee's poison

Illustrated notes

Levels and vault maps discovered:
D:1:      doesnt_arrival_eight_statues, layout_loops_ring,
          chequers_ecumenical_altar_simple, dreamdust_princess_bridge
D:2:      layout_rooms
D:3:      layout_basic, gammafunk_ghost_cemetery
D:4:      layout_cave_pods, grunt_ministairs_13, due_unseen_surprise
D:5:      cheibrodos_helix_gallery, layout_basic,
          mainiacjoe_overflow_small_starburst,
          nicolae_kikubaaqudgha_miasma_corner, chequers_garden,
          minmay_increasing_density, uniq_pikel
D:6:      layout_loops_ring, makhleb_blood_cavern_becter,
          minmay_temple_entry_ruins, uniq_maggie
D:7:      layout_gridville, nicolae_hepliaklqana_monster_ancestors
D:8:      minmay_general_purpose_star, layout_gridville,
          chequers_serial_rivers_small_b, grunt_ministairs_4, st_stairs_9,
          uniq_joseph, uniq_gastronok
D:9:      layout_basic, minmay_orc_entry_temple_small, enter_bailey_3,
          minmay_misc_feat_x, uniq_maurice, uniq_erolcha
Temple:   nicolae_temple_superstar

Skill      XL: |  1  2  3  4  5  6  7  8  9 10 11 |
---------------+----------------------------------+-----
Fighting       | 3 4 5 7 8 10 | 10.0
Dodging        | 3 |  3.0
Throwing       | 3 4 5 6 8 10 | 10.0
Polearms       | 4 5 7 8 10 | 10.0
Shields        | 2 4 |  4.9
Invocations    | 4 8 |  8.0
Armour         | 2 4 |  4.3

Action                   |  1- 3 |  4- 6 |  7- 9 | 10-12 || total
-------------------------+-------+-------+-------+-------++-------
Melee: Trident           |   133 |   119 |   341 |   397 ||   990
       Punch             |       |     4 |     6 |       ||    10
       Spear             |       |       |       |   158 ||   158
Throw: Large rock        |       |     3 |       |     1 ||     4
       Boomerang         |       |     2 |       |    68 ||    70
       Dart              |       |       |     8 |     9 ||    17
Invok: Heroism           |       |       |       |     2 ||     2
Evoke: Wand              |       |       |    10 |     1 ||    11
  Use: Potion            |     1 |       |       |     9 ||    10
       Scroll            |       |    12 |     6 |     6 ||    24
 Stab: Sleeping          |       |     1 |       |       ||     1
       Invisible         |       |       |       |     1 ||     1
Armor: Robe              |    55 |    36 |    77 |    24 ||   192
       Steam dragon scal |       |       |       |   107 ||   107
Dodge: Dodged            |    93 |    77 |   152 |   192 ||   514
Block: Kite shield       |       |       |       |   176 ||   176
